[ AOE2 MATCH · #503210985 ]
UnrankedDravidians vs Portuguese
[ REPLAY ANALYSIS · EXTRACTED FROM THE RECORDED GAME ]
Feudal
11:57
Castle
15:53
Imperial
28:28
| APM avg | 26.9 |
| APM peak | 61 |
| eAPM avg | 13.6 |
| Villagers / military | 96 / 10 |
Focus
⚔️ 11.6% · 🌾 88.4%
Fishing Ship ×10 · Mangonel ×7 · Unknown (2626) ×4 · Trebuchet (Packed) ×3
Feudal
11:31
Castle
15:23
Imperial
—
| APM avg | 30.3 |
| APM peak | 82 |
| eAPM avg | 11.9 |
| Villagers / military | 71 / 27 |
Focus
⚔️ 16.1% · 🌾 83.9%
Organ Gun ×23 · Fishing Ship ×8 · Mangonel ×2 · Transport Ship ×2
Feudal
12:39
Castle
20:54
Imperial
—
| APM avg | 18.9 |
| APM peak | 49 |
| eAPM avg | 11.1 |
| Villagers / military | 54 / 34 |
Focus
⚔️ 25.3% · 🌾 74.7%
Fishing Ship ×17 · Longboat ×8 · Battering Ram ×8 · Militia ×6 · Berserk ×5 · Fire Galley ×5
Feudal
12:16
Castle
16:19
Imperial
—
| APM avg | 31.9 |
| APM peak | 66 |
| eAPM avg | 15.4 |
| Villagers / military | 112 / 26 |
Focus
⚔️ 17.8% · 🌾 82.2%
Archer ×25 · Fishing Ship ×8 · Transport Ship ×1
Match map
Initial resources + every placement click. Lines = walls · curves = elevation contours. ◆ gold · ⬟ stone · ● berries · ✦ relic · ◌ wall gap
Your base· ✓ Map-separated
griffin's base· ✓ Map-separated
Martwy Kogut's base· ✓ Map-separated
tenkane's base· ✓ Map-separated
Smoothed initial terrain · ◌ = detected wall gap · hover for details
Inputs per minute
— Szwajson - - griffin
Build order — Szwajson
First 150 of 222 actions detected
| 0:02 | Queue | Villager (Male) |
| 0:03 | Queue | Villager (Male) |
| 0:03 | Queue | Villager (Male) |
| 0:04 | Build | House |
| 0:06 | Build | House |
| 0:08 | Build | House |
| 0:11 | Queue | Villager (Male) |
| 0:11 | Queue | Villager (Male) |
| 1:37 | Queue | Villager (Male) |
| 1:48 | Build | Lumber Camp |
| 2:04 | Queue | Villager (Male) |
| 2:04 | Queue | Villager (Male) |
| 2:22 | Queue | Villager (Male) |
| 2:22 | Queue | Villager (Male) |
| 2:51 | Queue | Villager (Male) |
| 2:51 | Queue | Villager (Male) |
| 3:14 | Queue | Villager (Male) |
| 3:40 | Queue | Villager (Male) |
| 3:40 | Queue | Villager (Male) |
| 3:54 | Build | House |
| 3:55 | Build | House |
| 3:56 | Queue | Villager (Male) |
| 3:56 | Queue | Villager (Male) |
| 4:27 | Queue | Villager (Male) |
| 4:27 | Queue | Villager (Male) |
| 4:58 | Build | Dock |
| 5:02 | Queue | Villager (Male) |
| 5:24 | Queue | Villager (Male) |
| 5:36 | Build | House |
| 5:37 | Build | House |
| 5:52 | Queue | Villager (Male) |
| 5:52 | Queue | Villager (Male) |
| 6:06 | Queue | Villager (Male) |
| 6:17 | Queue | Fishing Ship |
| 6:36 | Build | Mill |
| 6:40 | Queue | Villager (Male) |
| 6:40 | Queue | Villager (Male) |
| 7:00 | Queue | Fishing Ship |
| 7:00 | Queue | Fishing Ship |
| 7:01 | Queue | Villager (Male) |
| 7:01 | Queue | Villager (Male) |
| 7:38 | Research | Loom |
| 7:50 | Queue | Villager (Male) |
| 7:50 | Queue | Villager (Male) |
| 7:53 | Queue | Fishing Ship |
| 8:29 | Queue | Villager (Male) |
| 8:30 | Queue | Villager (Male) |
| 8:47 | Queue | Fishing Ship |
| 8:47 | Queue | Fishing Ship |
| 8:58 | Build | Mining Camp |
| 9:47 | Research | Feudal Age |
| 9:57 | Queue | Fishing Ship |
| 11:00 | Queue | Fishing Ship |
| 11:20 | Build | Dock |
| 11:30 | Build | House |
| 11:35 | Queue | Villager (Male) |
| 11:35 | Queue | Villager (Male) |
| 11:57 | Age | Feudal Age |
| 12:07 | Build | Blacksmith |
| 12:11 | Build | Market |
| 12:24 | Queue | Unit 2626 |
| 12:47 | Queue | Villager (Male) |
| 13:13 | Research | Castle Age |
| 13:27 | Research | Double-Bit Axe |
| 13:30 | Queue | Unit 2626 |
| 13:31 | Queue | Unit 2626 |
| 13:33 | Build | House |
| 13:34 | Build | House |
| 13:34 | Build | House |
| 13:54 | Queue | Unit 2626 |
| 14:15 | Build | House |
| 14:17 | Build | House |
| 14:17 | Build | House |
| 14:19 | Build | House |
| 14:20 | Build | House |
| 14:22 | Build | House |
| 14:37 | Queue | Villager (Male) |
| 14:38 | Queue | Villager (Male) |
| 14:55 | Research | Tech 906 |
| 15:53 | Age | Castle Age |
| 15:55 | Build | Town Center |
| 16:00 | Build | Town Center |
| 16:04 | Build | Mill |
| 16:18 | Research | Bow Saw |
| 16:51 | Queue | Villager (Male) |
| 16:51 | Queue | Villager (Male) |
| 16:52 | Queue | Villager (Male) |
| 16:52 | Queue | Villager (Male) |
| 17:16 | Queue | Villager (Male) |
| 17:16 | Queue | Villager (Male) |
| 17:19 | Queue | Villager (Male) |
| 17:19 | Queue | Villager (Male) |
| 17:20 | Queue | Villager (Male) |
| 17:21 | Queue | Villager (Male) |
| 17:21 | Queue | Villager (Male) |
| 17:21 | Queue | Villager (Male) |
| 18:05 | Queue | Villager (Male) |
| 18:05 | Queue | Villager (Male) |
| 18:06 | Queue | Villager (Male) |
| 18:12 | Build | Mining Camp |
| 18:19 | Build | Siege Workshop |
| 18:22 | Queue | Villager (Male) |
| 18:22 | Queue | Villager (Male) |
| 18:28 | Queue | Villager (Male) |
| 18:39 | Queue | Mangonel |
| 18:39 | Queue | Mangonel |
| 19:06 | Queue | Villager (Male) |
| 19:06 | Queue | Villager (Male) |
| 19:12 | Research | Gillnets |
| 19:26 | Queue | Villager (Male) |
| 19:26 | Queue | Villager (Male) |
| 19:33 | Queue | Villager (Male) |
| 19:34 | Queue | Villager (Male) |
| 19:34 | Queue | Villager (Male) |
| 20:06 | Queue | Mangonel |
| 20:06 | Queue | Mangonel |
| 20:07 | Queue | Villager (Male) |
| 20:07 | Queue | Villager (Male) |
| 20:08 | Queue | Villager (Male) |
| 20:13 | Build | House |
| 20:13 | Build | House |
| 20:14 | Build | House |
| 20:26 | Queue | Fishing Ship |
| 20:26 | Queue | Fishing Ship |
| 20:45 | Queue | Villager (Male) |
| 20:45 | Queue | Villager (Male) |
| 20:45 | Queue | Villager (Male) |
| 20:45 | Queue | Villager (Male) |
| 20:50 | Research | Horse Collar |
| 21:07 | Research | Wheelbarrow |
| 21:13 | Build | Farm |
| 22:29 | Queue | Mangonel |
| 22:29 | Queue | Mangonel |
| 22:31 | Build | Farm |
| 22:31 | Queue | Villager (Male) |
| 22:31 | Queue | Villager (Male) |
| 22:32 | Queue | Villager (Male) |
| 22:32 | Queue | Villager (Male) |
| 23:03 | Queue | Villager (Male) |
| 23:03 | Queue | Villager (Male) |
| 23:03 | Queue | Villager (Male) |
| 23:08 | Build | Farm |
| 23:09 | Queue | Villager (Male) |
| 23:09 | Queue | Villager (Male) |
| 23:10 | Queue | Villager (Male) |
| 23:12 | Build | Farm |
| 23:13 | Build | Farm |
| 23:23 | Queue | Villager (Male) |
| 23:24 | Queue | Villager (Male) |
| 23:31 | Build | Farm |
Build order — griffin
First 150 of 172 actions detected
| 0:00 | Queue | Villager (Male) |
| 0:01 | Queue | Villager (Male) |
| 0:01 | Queue | Villager (Male) |
| 0:02 | Build | House |
| 0:04 | Build | House |
| 0:22 | Queue | Villager (Male) |
| 0:22 | Queue | Villager (Male) |
| 1:34 | Queue | Villager (Male) |
| 1:50 | Build | Lumber Camp |
| 2:05 | Queue | Villager (Male) |
| 2:31 | Queue | Villager (Male) |
| 2:31 | Queue | Villager (Male) |
| 2:58 | Queue | Villager (Male) |
| 2:58 | Queue | Villager (Male) |
| 3:10 | Queue | Villager (Male) |
| 3:41 | Queue | Villager (Male) |
| 4:05 | Build | House |
| 4:08 | Queue | Villager (Male) |
| 4:34 | Queue | Villager (Male) |
| 4:44 | Build | Dock |
| 4:59 | Queue | Villager (Male) |
| 4:59 | Queue | Villager (Male) |
| 5:49 | Queue | Villager (Male) |
| 5:52 | Queue | Fishing Ship |
| 5:54 | Build | House |
| 6:05 | Queue | Villager (Male) |
| 6:05 | Queue | Villager (Male) |
| 6:19 | Queue | Villager (Male) |
| 6:27 | Build | House |
| 6:40 | Queue | Villager (Male) |
| 7:05 | Queue | Fishing Ship |
| 7:49 | Queue | Villager (Male) |
| 7:55 | Build | Mill |
| 8:17 | Queue | Villager (Male) |
| 8:22 | Build | House |
| 8:27 | Queue | Villager (Male) |
| 8:55 | Queue | Fishing Ship |
| 9:17 | Build | Mining Camp |
| 9:21 | Research | Feudal Age |
| 9:23 | Build | Mining Camp |
| 9:43 | Queue | Fishing Ship |
| 9:43 | Queue | Fishing Ship |
| 9:50 | Queue | Villager (Male) |
| 9:50 | Queue | Villager (Male) |
| 10:32 | Queue | Fishing Ship |
| 11:31 | Age | Feudal Age |
| 11:40 | Build | Market |
| 11:44 | Build | Blacksmith |
| 11:54 | Queue | Fishing Ship |
| 12:22 | Research | Loom |
| 12:43 | Research | Castle Age |
| 12:53 | Build | House |
| 12:54 | Build | House |
| 13:00 | Queue | Transport Ship |
| 13:41 | Queue | Fishing Ship |
| 13:51 | Research | Double-Bit Axe |
| 13:55 | Queue | Villager (Male) |
| 13:55 | Queue | Villager (Male) |
| 13:59 | Build | Dock |
| 14:01 | Build | House |
| 14:02 | Build | House |
| 14:18 | Build | House |
| 14:20 | Build | House |
| 14:22 | Build | House |
| 14:44 | Queue | Transport Ship |
| 15:23 | Age | Castle Age |
| 15:25 | Build | Town Center |
| 16:26 | Queue | Villager (Male) |
| 16:26 | Queue | Villager (Male) |
| 16:26 | Queue | Villager (Male) |
| 16:47 | Build | Castle |
| 16:51 | Queue | Villager (Male) |
| 16:52 | Queue | Villager (Male) |
| 16:55 | Queue | Villager (Male) |
| 16:57 | Queue | Villager (Male) |
| 17:02 | Queue | Villager (Male) |
| 17:28 | Research | Gold Mining |
| 17:44 | Queue | Villager (Male) |
| 17:45 | Queue | Villager (Male) |
| 17:48 | Build | House |
| 17:50 | Build | House |
| 17:51 | Build | House |
| 17:55 | Queue | Villager (Male) |
| 17:59 | Build | Mining Camp |
| 18:11 | Queue | Organ Gun |
| 18:14 | Queue | Organ Gun |
| 18:21 | Queue | Villager (Male) |
| 18:44 | Queue | Organ Gun |
| 19:02 | Build | Outpost |
| 19:05 | Queue | Organ Gun |
| 19:20 | Queue | Villager (Male) |
| 19:20 | Queue | Villager (Male) |
| 19:26 | Queue | Villager (Male) |
| 19:30 | Queue | Villager (Male) |
| 19:30 | Queue | Villager (Male) |
| 19:39 | Build | Siege Workshop |
| 19:53 | Build | House |
| 19:55 | Build | House |
| 19:55 | Build | House |
| 20:22 | Build | Siege Workshop |
| 20:31 | Queue | Organ Gun |
| 20:31 | Queue | Organ Gun |
| 20:47 | Queue | Villager (Male) |
| 20:47 | Queue | Villager (Male) |
| 20:47 | Queue | Villager (Male) |
| 20:48 | Queue | Villager (Male) |
| 20:50 | Queue | Organ Gun |
| 21:08 | Build | Castle |
| 21:14 | Queue | Mangonel |
| 21:29 | Build | Gate |
| 21:37 | Queue | Organ Gun |
| 21:40 | Queue | Villager (Male) |
| 21:40 | Queue | Villager (Male) |
| 22:08 | Queue | Organ Gun |
| 22:08 | Queue | Organ Gun |
| 22:35 | Queue | Organ Gun |
| 22:45 | Queue | Organ Gun |
| 22:47 | Queue | Villager (Male) |
| 22:48 | Queue | Villager (Male) |
| 22:48 | Queue | Villager (Male) |
| 22:48 | Queue | Villager (Male) |
| 22:51 | Build | House |
| 22:52 | Build | House |
| 22:52 | Build | House |
| 22:58 | Queue | Villager (Male) |
| 23:23 | Build | Farm |
| 23:23 | Build | Farm |
| 23:23 | Build | Farm |
| 23:24 | Build | Farm |
| 23:28 | Build | Farm |
| 23:30 | Queue | Villager (Male) |
| 23:30 | Queue | Villager (Male) |
| 23:34 | Queue | Organ Gun |
| 23:52 | Queue | Organ Gun |
| 24:06 | Build | Lumber Camp |
| 24:25 | Queue | Villager (Male) |
| 24:26 | Queue | Villager (Male) |
| 24:28 | Queue | Villager (Male) |
| 24:28 | Queue | Villager (Male) |
| 24:34 | Build | Farm |
| 24:41 | Queue | Villager (Male) |
| 24:45 | Build | House |
| 24:48 | Build | House |
| 24:49 | Build | House |
| 24:51 | Build | House |
| 24:51 | Build | House |
| 24:51 | Build | House |
| 24:55 | Queue | Villager (Male) |
| 25:12 | Build | Barracks |
| 25:15 | Queue | Organ Gun |
Build order — Martwy Kogut
First 150 of 157 actions detected
| 0:01 | Queue | Villager (Male) |
| 0:01 | Queue | Villager (Male) |
| 0:01 | Queue | Villager (Male) |
| 0:02 | Queue | Villager (Male) |
| 0:04 | Build | House |
| 0:06 | Build | House |
| 1:14 | Research | Loom |
| 1:27 | Queue | Villager (Male) |
| 2:07 | Build | Lumber Camp |
| 2:19 | Queue | Villager (Male) |
| 2:48 | Queue | Villager (Male) |
| 2:48 | Queue | Villager (Male) |
| 3:07 | Queue | Villager (Male) |
| 3:07 | Queue | Villager (Male) |
| 3:30 | Queue | Villager (Male) |
| 3:56 | Queue | Villager (Male) |
| 4:17 | Build | House |
| 4:25 | Build | House |
| 4:29 | Queue | Villager (Male) |
| 4:30 | Queue | Villager (Male) |
| 5:08 | Queue | Villager (Male) |
| 5:09 | Queue | Villager (Male) |
| 5:28 | Queue | Villager (Male) |
| 5:28 | Queue | Villager (Male) |
| 5:44 | Build | Dock |
| 5:50 | Queue | Villager (Male) |
| 6:34 | Queue | Fishing Ship |
| 6:40 | Queue | Villager (Male) |
| 6:41 | Queue | Villager (Male) |
| 7:41 | Queue | Villager (Male) |
| 7:55 | Queue | Fishing Ship |
| 7:55 | Queue | Fishing Ship |
| 8:24 | Queue | Villager (Male) |
| 8:24 | Queue | Villager (Male) |
| 8:24 | Queue | Villager (Male) |
| 8:24 | Queue | Villager (Male) |
| 8:25 | Queue | Villager (Male) |
| 8:25 | Queue | Villager (Male) |
| 8:45 | Queue | Fishing Ship |
| 8:58 | Build | House |
| 9:06 | Build | House |
| 9:08 | Build | House |
| 9:46 | Build | Mill |
| 10:00 | Build | Mill |
| 10:13 | Research | Feudal Age |
| 10:19 | Build | Mining Camp |
| 10:55 | Build | Dock |
| 11:01 | Queue | Fishing Ship |
| 11:17 | Build | House |
| 11:19 | Build | House |
| 12:01 | Queue | Villager (Male) ×5 |
| 12:39 | Age | Feudal Age |
| 12:40 | Queue | Fire Galley |
| 12:41 | Queue | Unit 2626 |
| 12:43 | Queue | Unit 2626 |
| 12:50 | Research | Double-Bit Axe |
| 13:34 | Research | Gold Mining |
| 13:37 | Queue | Fire Galley |
| 14:08 | Build | Dock |
| 14:33 | Queue | Fire Galley |
| 14:35 | Queue | Unit 2626 |
| 14:46 | Build | Mill |
| 14:51 | Research | Town Watch |
| 15:42 | Build | Market |
| 15:49 | Queue | Villager (Male) |
| 15:49 | Queue | Villager (Male) |
| 16:01 | Build | Mining Camp |
| 16:12 | Queue | Fire Galley |
| 16:56 | Build | Barracks |
| 17:02 | Queue | Villager (Male) |
| 17:03 | Queue | Villager (Male) |
| 17:17 | Queue | Unit 2626 |
| 17:17 | Queue | Fire Galley |
| 17:37 | Build | Blacksmith |
| 18:14 | Research | Castle Age |
| 18:33 | Research | Forging |
| 18:34 | Research | Fletching |
| 18:43 | Research | Stone Mining |
| 20:16 | Queue | Fishing Ship |
| 20:16 | Queue | Fishing Ship |
| 20:16 | Queue | Fishing Ship |
| 20:22 | Queue | Fishing Ship ×5 |
| 20:25 | Research | Tech 906 |
| 20:28 | Queue | Fishing Ship |
| 20:54 | Age | Castle Age |
| 21:11 | Build | Siege Workshop |
| 21:27 | Build | Mining Camp |
| 21:35 | Research | Squires |
| 21:37 | Queue | Militia |
| 21:37 | Queue | Militia |
| 21:39 | Queue | Militia |
| 21:39 | Queue | Militia |
| 21:44 | Queue | Battering Ram |
| 22:15 | Research | War Galley (upgrade) |
| 22:23 | Queue | Villager (Male) |
| 22:23 | Queue | Villager (Male) |
| 22:25 | Queue | Villager (Male) |
| 22:25 | Queue | Villager (Male) |
| 22:25 | Queue | Villager (Male) |
| 22:26 | Queue | Villager (Male) |
| 22:30 | Research | Bow Saw |
| 22:59 | Queue | Battering Ram |
| 23:04 | Queue | Villager (Male) |
| 23:04 | Queue | Villager (Male) |
| 23:04 | Queue | Villager (Male) |
| 23:18 | Build | House |
| 23:19 | Build | House |
| 23:19 | Build | House |
| 23:19 | Build | House |
| 23:19 | Build | House |
| 23:19 | Build | House |
| 23:37 | Queue | Longboat |
| 23:38 | Queue | Longboat |
| 23:49 | Research | Man-at-Arms (upgrade) |
| 23:51 | Research | Gambesons |
| 24:02 | Queue | Longboat |
| 24:22 | Build | Castle |
| 24:39 | Queue | Militia |
| 24:40 | Queue | Militia |
| 24:43 | Queue | Battering Ram |
| 24:44 | Queue | Battering Ram |
| 25:09 | Build | Town Center |
| 25:19 | Research | Long Swordsman (upgrade) |
| 26:00 | Queue | Villager (Male) |
| 26:00 | Queue | Villager (Male) |
| 26:18 | Queue | Berserk |
| 26:18 | Queue | Berserk |
| 26:50 | Build | Dock |
| 26:53 | Build | Dock |
| 26:57 | Build | Dock |
| 27:05 | Queue | Berserk |
| 27:05 | Queue | Berserk |
| 28:07 | Queue | Villager (Male) |
| 28:07 | Queue | Villager (Male) |
| 28:08 | Queue | Villager (Male) |
| 28:20 | Build | Town Center |
| 28:27 | Queue | Mangonel |
| 28:28 | Queue | Scorpion |
| 28:31 | Queue | Battering Ram |
| 28:32 | Queue | Battering Ram |
| 28:46 | Research | Bodkin Arrow |
| 28:51 | Queue | Fishing Ship |
| 28:51 | Queue | Fishing Ship |
| 28:52 | Queue | Fishing Ship |
| 29:11 | Queue | Longboat |
| 29:12 | Queue | Longboat |
| 29:12 | Queue | Longboat |
| 29:14 | Queue | Longboat |
| 29:15 | Queue | Longboat |
| 29:19 | Queue | Berserk |
Build order — tenkane
First 150 of 266 actions detected
| 0:03 | Build | House |
| 0:04 | Build | House |
| 0:05 | Queue | Villager (Male) |
| 0:05 | Queue | Villager (Male) |
| 0:21 | Queue | Villager (Male) |
| 0:21 | Queue | Villager (Male) |
| 1:24 | Queue | Villager (Male) |
| 1:54 | Build | Lumber Camp |
| 1:56 | Queue | Villager (Male) |
| 1:56 | Queue | Villager (Male) |
| 2:08 | Queue | Villager (Male) |
| 2:09 | Queue | Villager (Male) |
| 2:39 | Queue | Villager (Male) |
| 2:52 | Queue | Villager (Male) |
| 2:53 | Queue | Villager (Male) |
| 3:15 | Queue | Villager (Male) |
| 3:26 | Queue | Villager (Male) |
| 3:50 | Queue | Villager (Male) |
| 3:53 | Build | House |
| 4:05 | Queue | Villager (Male) |
| 4:05 | Queue | Villager (Male) |
| 4:54 | Build | Dock |
| 4:55 | Queue | Villager (Male) |
| 5:10 | Queue | Villager (Male) |
| 5:16 | Queue | Villager (Male) |
| 5:43 | Queue | Fishing Ship |
| 5:45 | Build | House |
| 6:14 | Queue | Villager (Male) |
| 6:23 | Queue | Villager (Male) |
| 6:27 | Queue | Fishing Ship |
| 6:27 | Queue | Fishing Ship |
| 6:30 | Queue | Villager (Male) |
| 6:43 | Queue | Villager (Male) |
| 6:50 | Build | House |
| 7:04 | Queue | Villager (Male) |
| 7:26 | Queue | Villager (Male) |
| 7:35 | Build | Mill |
| 7:42 | Queue | Villager (Male) |
| 7:42 | Queue | Villager (Male) |
| 8:20 | Queue | Fishing Ship |
| 8:34 | Build | House |
| 9:16 | Queue | Villager (Male) |
| 9:17 | Research | Loom |
| 9:23 | Queue | Villager (Male) |
| 9:26 | Research | Feudal Age |
| 9:28 | Queue | Fishing Ship |
| 10:18 | Build | Mining Camp |
| 11:01 | Build | Barracks |
| 11:08 | Queue | Fishing Ship |
| 11:15 | Queue | Villager (Male) |
| 11:55 | Build | House |
| 12:16 | Age | Feudal Age |
| 12:23 | Build | Blacksmith |
| 12:51 | Build | Market |
| 12:54 | Queue | Villager (Male) |
| 12:56 | Queue | Villager (Male) |
| 12:56 | Research | Loom |
| 13:08 | Research | Padded Archer Armor |
| 13:32 | Build | Farm |
| 13:32 | Build | Farm |
| 13:32 | Build | Farm |
| 13:33 | Build | Farm |
| 13:33 | Build | Farm |
| 13:39 | Research | Castle Age |
| 13:53 | Queue | Fishing Ship |
| 14:06 | Research | Fletching |
| 14:06 | Research | Fletching |
| 14:27 | Research | Double-Bit Axe |
| 14:30 | Research | Horse Collar |
| 14:40 | Queue | Villager (Male) |
| 14:51 | Research | Gold Mining |
| 14:51 | Research | Gold Mining |
| 14:53 | Queue | Villager (Male) |
| 15:04 | Queue | Fishing Ship |
| 15:20 | Queue | Villager (Male) |
| 15:37 | Build | Archery Range |
| 16:03 | Build | Lumber Camp |
| 16:19 | Age | Castle Age |
| 16:22 | Research | Bodkin Arrow |
| 16:23 | Research | Leather Archer Armor |
| 16:36 | Build | Town Center |
| 16:44 | Queue | Villager (Male) |
| 16:49 | Queue | Archer |
| 16:49 | Queue | Archer |
| 16:49 | Queue | Archer |
| 17:00 | Build | Farm |
| 17:23 | Build | Town Center |
| 17:25 | Queue | Villager (Male) |
| 17:25 | Queue | Villager (Male) |
| 17:33 | Research | Bow Saw |
| 17:36 | Build | Farm |
| 17:42 | Queue | Villager (Male) |
| 17:43 | Queue | Villager (Male) |
| 17:46 | Build | Farm |
| 17:49 | Build | Farm |
| 17:50 | Build | Farm |
| 17:56 | Queue | Archer |
| 17:56 | Queue | Archer |
| 18:00 | Queue | Villager (Male) |
| 18:44 | Research | Stone Mining |
| 18:49 | Build | Farm |
| 18:49 | Build | Farm |
| 18:51 | Build | Farm |
| 19:01 | Queue | Villager (Male) |
| 19:05 | Build | Farm |
| 19:09 | Build | Farm |
| 19:09 | Build | Farm |
| 19:14 | Build | Farm |
| 19:22 | Queue | Villager (Male) |
| 19:28 | Build | Farm |
| 19:36 | Queue | Villager (Male) |
| 19:47 | Build | Farm |
| 19:50 | Build | Farm |
| 19:54 | Queue | Villager (Male) |
| 20:03 | Queue | Villager (Male) |
| 20:03 | Queue | Villager (Male) |
| 20:14 | Queue | Villager (Male) |
| 20:23 | Build | Farm |
| 20:25 | Queue | Villager (Male) |
| 20:30 | Build | Farm |
| 20:34 | Queue | Villager (Male) |
| 20:39 | Build | Farm |
| 20:42 | Build | Farm |
| 20:45 | Queue | Villager (Male) |
| 20:51 | Queue | Archer |
| 20:56 | Build | House |
| 20:57 | Build | House |
| 20:57 | Build | House |
| 20:57 | Build | House |
| 20:58 | Build | House |
| 20:59 | Build | House |
| 21:06 | Queue | Villager (Male) |
| 21:07 | Queue | Villager (Male) |
| 21:18 | Research | Town Watch |
| 21:24 | Build | House |
| 21:24 | Build | House |
| 21:25 | Build | House |
| 21:27 | Build | House |
| 21:32 | Queue | Villager (Male) |
| 21:33 | Queue | Villager (Male) |
| 21:38 | Queue | Villager (Male) |
| 21:46 | Queue | Villager (Male) |
| 21:47 | Queue | Villager (Male) |
| 22:02 | Queue | Villager (Male) |
| 22:16 | Queue | Villager (Male) |
| 22:17 | Queue | Villager (Male) |
| 22:23 | Build | Farm |
| 22:25 | Build | Farm |
| 22:31 | Build | Farm |
| 22:32 | Build | Farm |
Match timeline
| 4:44 | griffin · first_building Dock |
| 4:54 | tenkane · first_building Dock |
| 4:58 | Szwajson · first_building Dock |
| 5:44 | Martwy Kogut · first_building Dock |
| 11:01 | tenkane · first_building Barracks |
| 11:31 | griffin · age_up feudal |
| 11:57 | Szwajson · age_up feudal |
| 12:16 | tenkane · age_up feudal |
| 12:31 | griffin · first_market_sell 100 wood |
| 12:39 | Martwy Kogut · age_up feudal |
| 15:23 | griffin · age_up castle |
| 15:37 | tenkane · first_building Archery Range |
| 15:53 | Szwajson · age_up castle |
| 16:19 | tenkane · age_up castle |
| 16:47 | griffin · first_building Castle |
| 16:47 | Martwy Kogut · first_market_sell 100 food |
| 16:48 | Martwy Kogut · first_market_buy 100 wood |
| 16:56 | Martwy Kogut · first_building Barracks |
| 18:09 | griffin · first_market_buy 100 wood |
| 18:19 | Szwajson · first_building Siege Workshop |
| 19:39 | griffin · first_building Siege Workshop |
| 20:54 | Martwy Kogut · age_up castle |
| 21:11 | Martwy Kogut · first_building Siege Workshop |
| 23:17 | Szwajson · first_market_sell 500 wood |
| 23:53 | Szwajson · first_market_buy 100 food |
| 24:02 | Szwajson · first_building Castle |
| 24:22 | Martwy Kogut · first_building Castle |
| 25:12 | griffin · first_building Barracks |
| 28:28 | Szwajson · age_up imperial |
| 28:46 | Szwajson · first_building Barracks |
| 28:51 | tenkane · first_market_buy 100 stone |
| 29:57 | Szwajson · first_building Archery Range |
| 29:57 | griffin · resign |
[ AI ANALYSIS · 1 CREDIT ]
What really happened in this match?
Wolo.gg analyzes every decision: build order, eco, micro, common mistakes by bracket. Personalized analysis on WhatsApp or Discord in 30 seconds.
Civ guide
Dravidians
Perfil
Jugador #4681086